 Dungeon Crawl Stone Soup version 0.30-a0-950-gbf40cfac39 (webtiles) character file.

Game seed: 10066535944957940029

34 M4edhros the Charlatan (level 3, -2/24 HPs)
             Began as an Octopode Artificer on Mar 28, 2023.
             Slain by an orc
             ... wielding a +0 club
              (4 damage)
             ... on level 3 of the Dungeon.
             The game lasted 00:00:52 (896 turns).

M4edhros the Charlatan (Octopode Artificer)          Turns: 896, Time: 00:00:52

Health: -2/24      AC:  1    Str: 11    XL:     3   Next: 31%
Magic:  3/3        EV: 14    Int: 13    God:
Gold:   69         SH:  0    Dex: 14    Spells: 2/2 levels left

rFire   . . .      SeeInvis .      - Unarmed
rCold   . . .      Faith    .    (no shield)
rNeg    . . .      Spirit   .    (helmet restricted)
rPois   .          Reflect  .    (no amulet)
rElec   .          Rampage  .    (no ring)
rCorr   .                        (no ring)
Will    .....                    (no ring)
Stlth   +++                      (no ring)
HPRegen 0.24/turn                (no ring)
MPRegen 0.08/turn                (no ring)
                                 (no ring)
                                 (no ring)

@: no status effects
A: almost no armour, amphibious, 8 rings, camouflage 1, gelatinous body 1,
(nimble swimmer 1), tentacles
a: no special abilities


You were on level 3 of the Dungeon.
You visited 1 branch of the dungeon, and saw 3 of its levels.

You collected 69 gold pieces.

Inventory:

Wands
 b - a wand of flame (15) (quivered)
 c - a wand of charming (15)
 d - a wand of iceblast (5)
Scrolls
 e - 3 scrolls of identify {unknown}
 f - a scroll of fog {unknown}
Potions
 a - a potion of curing {unknown}
 g - a potion of heal wounds {unknown}
 h - a potion of degeneration {unknown}


   Skills:
 + Level 2.1 Fighting
 + Level 3.0 Dodging
 - Level 1.3 Stealth
 * Level 1.0 Unarmed Combat
 - Level 3.2 Evocations


You had 2 spell levels left.
You didn't know any spells.
Your spell library contained the following spells:

 Spells                   Type           Power      Damage    Failure   Level
 Dazzling Flash           Conj/Hex       0%         N/A       67%         3
 Inner Flame              Hex/Fire       0%         N/A       67%         3
 Cause Fear               Hex            0%         N/A       97%         4
 Iskenderun's Mystic Bla  Conj/Tloc      0%         2d3       97%         4
 Passage of Golubria      Tloc           0%         N/A       97%         4
 Silence                  Hex/Air        0%         N/A       100%        5
 Starburst                Conj/Fire      0%         6d3       100%        6
 Discord                  Hex            0%         N/A       100%        8
 Lehudib's Crystal Spear  Conj/Erth      0%         10d2      100%        8


Dungeon Overview and Level Annotations

Branches:
Dungeon (3/15)

Altars:

Shops:
D:3 [


Innate Abilities, Weirdness & Mutations

You cannot wear most types of armour.
You are amphibious.
You can wear up to eight rings at the same time.
Your skin changes colour to match your surroundings (Stealth+).
Your rubbery body absorbs attacks. (AC +1, EV +1)
((You are camouflaged when in or above water. (Stealth+)))
You have tentacles for arms and can constrict up to eight enemies at once.


Message History

You constrict the orc, but do no damage.
The orc hits you with a +0 hand axe. The orc hits you with a +0 club.
Unknown command.
You tentacle-slap the orc but do no damage.
The orc is severely wounded.
You constrict the orc, but do no damage.
The orc misses you. x2
You tentacle-slap the orc. You grab the orc.
You squeeze the orc, but do no damage.
The orc is lightly wounded.
You constrict the orc. x2; The orc closely misses you.
The orc barely misses you.
Unknown command.
You tentacle-slap the orc but do no damage.
The orc is moderately wounded.
You constrict the orc. x2
You kill the orc!
The orc hits you with a +0 club.
Unknown command.
You tentacle-slap the orc but do no damage.
The orc is heavily wounded.
You constrict the orc, but do no damage.
The orc misses you. The ball python bites you. The ball python misses you.
Unknown command.
You closely miss the ball python. You grab the ball python.
You constrict the ball python, but do no damage.
You constrict the orc, but do no damage.
The ball python bites you.
* * * LOW HITPOINT WARNING * * *
The ball python grabs you. The ball python constricts you.
* * * LOW HITPOINT WARNING * * *
The orc hits you with a +0 club.
* * * LOW HITPOINT WARNING * * *
You tentacle-slap the ball python.
You tentacle-slap the ball python, but do no damage.
The ball python is severely wounded.
You constrict the ball python.
You kill the ball python!
You constrict the orc. The orc hits you with a +0 club.
You die...

## ### ##### #########
.# #.. ?..####.......#
.####.# #... ........#
...##.#####..###.....).#
.†.##.##.##..$..)†......
#####.#.#.#....†@o.....$
##.....###.......)......
#####.## ##.........>..#
.....#.# #.###.#.......#
.###..#.#.# #.#.##.##.#
.# <...... ....# .# #
.#...###### +##... #
.....# .## ##...#


You could see an orc.

Vanquished Creatures
  2 orcs (D:3)
  A goblin (D:2)
  8 hobgoblins
  2 jackals (D:1)
  2 kobolds
  3 quokkas
  3 ball pythons
  3 bats (D:1)
  3 frilled lizards
  3 rats
30 creatures vanquished.

Notes
Turn   | Place    | Note
-------+----------+-------------------------------------------
     0 | D:1      | M4edhros the Octopode Artificer began the quest for the
                  | Orb.
     0 | D:1      | Reached XP level 1. HP: 13/13 MP: 1/1
   294 | D:1      | Reached XP level 2. HP: 18/18 MP: 2/2
   795 | D:2      | Reached XP level 3. HP: 24/24 MP: 3/3
   847 | D:3      | Found Ydghulosi's Antique Armour Emporium.
   889 | D:3      | Reached skill level 1 in Unarmed Combat
   896 | D:3      | Slain by an orc

Illustrated notes

Levels and vault maps discovered:
D:1:      zaba_arrival_water, layout_loops_ring, roderic_lattice_a
D:2:      minmay_chambers_of_ones, layout_basic
D:3:      layout_loops_ring, lemuel_coloured_pillars_altar, serial_shops,
          nicolae_square_shop, minivault_25, uniq_terence

Skill      XL: |  1  2  3 |
---------------+----------+-----
Fighting       | 2 |  2.1
Dodging        | 3 |  3.0
Unarmed Combat | 1 |  1.0
Stealth        | |  1.3
Evocations     | |  3.2

Action                     || total
---------------------------++-------
  Melee: Unarmed           ||    80
         Constrict         ||    30
         Tentacles         ||    18
         Punch             ||     3
   Stab: Sleeping          ||     8
 Armour: Skin              ||     9
  Dodge: Dodged            ||    60

Table legend: (Time is in decaauts)
 A = Elapsed time spent in this place.
 B = Non-inter-level travel time spent in this place.
 C = Inter-level travel time spent in this place.
 D = Time resting spent in this place.
 E = Time spent auto-exploring this place.
 F = Levels seen in this place.
 G = Mean time per level.
                   A        B        C        D        E       F      G
               +--------+--------+--------+--------+--------+-----+--------+
         Total |    895 |    881 |     14 |      0 |    659 |   3 |  298.3 |
       Dungeon |    895 |    881 |     14 |      0 |    659 |   3 |  298.3 |
               +--------+--------+--------+--------+--------+-----+--------+

Top non-repeatable levels by time:
     D:1: 751 daAuts
     D:2: 83 daAuts
     D:3: 60 daAuts
